cohdb
Replays
Latest Replays
All Replays
Popular Replays
Top Player Replays
Match Explorer
How It Works
Community
CoH3 Stats
Reddit
Sign in to upload your games and track your stats! →
Sign in with Steam
Match 40141976
Unlisted
Match 40141976
Overview
Messages
Build Orders
End
Construct Infanterie Kompanie
Kettenkrad Recon Vehicle
Selects Mechanized Battlegroup
MG 42 Machine Gun Team
MG 42 Machine Gun Team
GrW 34 Mortar Team
Construct Panzergrenadier Kompanie
Pak 40 Anti-tank Gun Team
251 Medium Carrier
Selects Mobile Repair Stations
Pak 40 Anti-tank Gun Team
251 Medium Carrier
Construct Panzer Kompanie
AI Takeover
|_THUNDER_|
Ande
IronClad
Samson (MykillJackson)
EisregenKubus0
BATTLEDANNY1
0
0
Comments
sign in to comment!
No comments posted yet!